AoeStats
← Kebabs&Roses

Arena

510121386Analyzed
4v4 RM · 23h ago on Sep 29, 2026· 39m 32s· 8 players
Game mode
Random Map
Map size
Large (8 player)
Population
200
Speed
Normal
Resources
Standard
Victory
Conquest
Starting age
Dark Age
Ending age
Imperial Age
RankedLock teamsTeams togetherTeam positionsShared explorationLock speedFull tech treeHidden civsTurbo modeCheats
Victory
Defeat
🇮🇳 Maya · India
1145
+13
🇮🇳 Japanese · India
1145
+13
🇳🇱 Berbers · Netherlands
1054
+18
🇫🇷 Mongols · France
1051
+18
🇹🇼 Bulgarians · Taiwan
1112
-17
🇹🇼 Franks · Taiwan
1098
-16
🇹🇷 Mongols · Türkiye
1076
-15
🇭🇰 Huns · Hong Kong SAR China
1043
-14
15634125
10:56 Feudal Age
15:06 Castle Age
14:45 Double-Bit Axe
14:41 Horse Collar
18:21 Wheelbarrow
24:44 Loom
28:18 Imperial Age
26:53 Forging
26:49 Scale Barding Armor
33:17 Imperial Age
bimurock
10:32 Feudal Age
9:53 Loom
12:04 Double-Bit Axe
14:51 Castle Age
13:26 Gold Mining
14:04 Fletching
15:05 Stone Mining
21:51 Forging
21:42 Scale Mail Armor
22:41 Bow Saw
25:30 Wheelbarrow
26:40 Bodkin Arrow
37:35 Iron Casting
William
8:04 Loom
12:13 Feudal Age
16:54 Castle Age
15:07 Double-Bit Axe
18:20 Wheelbarrow
18:07 Bow Saw
20:12 Fervor
24:21 Hand Cart
24:27 Gold Mining
25:59 Scale Barding Armor
26:05 Forging
26:49 Husbandry
36:18 Imperial Age
34:16 Chain Barding Armor
34:32 Iron Casting
34:21 Town Watch
36:36 Gold Shaft Mining
35:58 Stone Mining
37:48 Conscription
37:29 Chivalry
36:54 Cavalier
39:22 Paladin
Kebabs&Roses
10:37 Feudal Age
11:55 Double-Bit Axe
14:42 Castle Age
12:44 Horse Collar
18:15 Stone Mining
18:47 Loom
21:17 Fletching
21:45 Bow Saw
spudybudy
10:05 Feudal Age
10:05 Loom
16:56 Castle Age
15:47 Loom
16:24 Double-Bit Axe
16:23 Horse Collar
18:06 Gold Mining
18:11 Fletching
19:01 Padded Archer Armor
20:39 Bodkin Arrow
21:27 Bow Saw
21:57 Wheelbarrow
22:10 Leather Archer Armor
23:19 Thumb Ring
23:37 Man-at-Arms
24:17 Squires
24:47 Forging
24:28 Long Swordsman
25:33 Heavy Plow
25:30 Pikeman
34:04 Scale Mail Armor
35:17 Gold Shaft Mining
35:00 Hand Cart
41:34 Imperial Age
CyberAthlete
11:14 Feudal Age
15:00 Castle Age
12:49 Double-Bit Axe
13:34 Horse Collar
13:46 Gold Mining
16:41 Scale Mail Armor
16:51 Forging
17:17 Arson
17:33 Squires
21:52 Wheelbarrow
23:49 Chain Mail Armor
24:09 Iron Casting
29:29 Gold Shaft Mining
34:43 Imperial Age
33:54 Iron Casting
33:13 Pikeman
34:36 Loom
34:37 Town Watch
35:07 Capped Ram
36:00 Halberdier
36:46 Halberdier
38:51 Plate Mail Armor
Felray
11:16 Feudal Age
9:32 Loom
11:46 Loom
15:07 Castle Age
13:41 Horse Collar
13:53 Double-Bit Axe
24:43 Pikeman
28:29 Heavy Plow
30:10 Bloodlines
30:37 Bloodlines
30:58 Scale Barding Armor
32:26 Wheelbarrow
32:48 Husbandry
37:04 Forging
36:55 Scale Mail Armor
38:47 Bow Saw
39:42 Hand Cart
Aka1412
0:31 Loom
11:07 Feudal Age
13:01 Double-Bit Axe
15:21 Castle Age
13:26 Horse Collar
13:43 Gold Mining
15:49 Horse Collar
18:05 Crossbowman
18:38 Fletching
20:07 Bodkin Arrow
24:10 Wheelbarrow
26:59 Thumb Ring
Connection lost

Rejoining the realm…

Still unreachable

The connection could not be restored.

Session expired

The server has moved on; the page needs a fresh start.